 Dungeon Crawl Stone Soup version 0.32-a0-411-g744942f433 (webtiles) character file.

Game seed: 1248279407671277055

485828 ragingrage the Fetichist (level 24, -7/197 HPs)
             Began as a Coglin Hexslinger on Feb 20, 2024.
             Was a High Priest of Beogh (penitent).
             Mangled by a golden dragon (24 damage)
             ... on level 5 of the Vaults.
             The game lasted 02:02:58 (56482 turns).

ragingrage the Fetichist (Coglin Hexslinger)       Turns: 56482, Time: 02:02:59

Health: -7/197     AC: 15    Str: 11    XL:     24   Next: 95%
Magic:  22/34      EV: 25    Int: 15    God:    Beogh [*****.]
Gold:   5573       SH:  0    Dex: 29    Spells: 9/35 levels left

rFire   + . .        a - +10 hand cannon of the Present {drain, rF+}
rCold   + . .        b - +9 hand cannon (freeze) {Carlos}
rNeg    + . .        h - +3 leather armour
rPois   +            s - +1 hat of Pehellus {rPois Will+ Int+2 Stlth-}
rElec   +            i - scarf {rC+ rF+}
rCorr   +            Y - +2 pair of gloves of Weirdness {rF- rN+ Stlth+}
SInv    +            I - +2 pair of boots {Fly}
Will    ++...        r - amulet of regeneration
Stlth   +++          c - ring of see invisible
HPRegen 1.32/turn    E - ring of Kefoekar {rElec rCorr Dex+3 Slay+3}
MPRegen 0.24/turn

%: no passive effects
@: about to teleport, flayed, chanting a vengeful prayer, flying, constricted,
revved
A: off-hand wielding, slow wielding, warmup strikes, legs shutdown
}: 2/15 runes: decaying, gossamer
a: Renounce Religion


You were on level 5 of the Vaults.
You worshipped Beogh.
Beogh was demanding penance.
You visited 8 branches of the dungeon, and saw 42 of its levels.
You visited 1 bazaar.
You also visited: Ice Cave.

You collected 9683 gold pieces.
You spent 4110 gold pieces at shops.

Inventory:

Hand Weapons
 a - the +10 hand cannon of the Present (weapon) {drain, rF+}
   (You acquired it on level 13 of the Dungeon)

   rF+:       It protects you from fire.
 b - a +9 hand cannon of freezing (offhand) {Carlos}
Missiles
 O - 3 throwing nets
Armour
 h - a +3 leather armour (worn)
 i - a scarf of resistance (worn)
 q - the +2 hat of Plasticity {rElec rPois rC- Slay+5}
   (You bought it in a shop in a bazaar)

   Slay+5:    It affects your accuracy & damage with ranged weapons and melee
   (+5).
   rC-:       It makes you vulnerable to cold.
   rElec:     It insulates you from electricity.
   rPois:     It protects you from poison
 s - the +1 hat of Pehellus (worn) {rPois Will+ Int+2 Stlth-}
   (You acquired it on level 13 of the Dungeon)

   Int+2:     It affects your intelligence (+2).
   rPois:     It protects you from poison Will+: It increases your willpower.
   Stlth-:    It makes you less stealthy.
 B - a +2 cloak
 I - a +2 pair of boots of flying (worn)
 Y - the +2 pair of gloves of Weirdness (worn) {rF- rN+ Stlth+}
   (You found it on level 4 of the Vaults)

   rF-:       It makes you vulnerable to fire.
   rN+:       It protects you from negative energy.
   Stlth+:    It makes you more stealthy.
Jewellery
 c - a ring of see invisible (left grasper)
 r - an amulet of regeneration (around neck)
 E - the ring of Kefoekar (right grasper) {rElec rCorr Dex+3 Slay+3}
   (You took it off a deep elf high priest on level 3 of the Elven Halls)

   [ring of resist corrosion]

   Dex+3:     It affects your dexterity (+3).
   Slay+3:    It affects your accuracy & damage with ranged weapons and melee
   (+3).
   rElec:     It insulates you from electricity.
   rCorr:     It protects you from acid and corrosion.
 M - a ring of protection from fire
 W - a ring of protection from cold
 X - a +4 ring of protection
Wands
 w - a wand of polymorph (8)
 y - a wand of quicksilver (7)
 H - a wand of mindburst (7)
 N - a wand of paralysis (29)
 Z - a wand of iceblast (15)
Scrolls
 d - 9 scrolls of fear
 f - 21 scrolls of teleportation
 p - 8 scrolls of vulnerability
 t - 4 scrolls of noise
 v - 4 scrolls of blinking
 x - 7 scrolls of revelation
 A - 7 scrolls of torment
 D - 11 scrolls of fog
 G - a scroll of silence
 Q - 4 scrolls of immolation
 R - 5 scrolls of poison
 T - 7 scrolls of summoning
Potions
 e - 8 potions of ambrosia
 g - 10 potions of brilliance
 j - 4 potions of cancellation
 l - 4 potions of heal wounds
 m - 6 potions of resistance
 n - 13 potions of enlightenment
 o - 4 potions of berserk rage
 u - 11 potions of curing
 z - 13 potions of might
 F - 12 potions of lignification
 K - 2 potions of magic
 L - 2 potions of invisibility
 P - 7 potions of mutation
 U - 6 potions of haste
 V - 8 potions of attraction
Miscellaneous
 k - a phantom mirror
 C - a lightning rod (4/4)
 J - a tin of tremorstones (2/2)
 S - a sack of spiders


   Skills:
 - Level 18.0 Fighting
 - Level 10.0 Short Blades
 - Level 18.0 Ranged Weapons
 - Level 11.0 Armour
 + Level 15.4 Dodging
 - Level 4.0 Stealth
 - Level 6.0 Spellcasting
 - Level 6.0 Hexes
 - Level 14.0 Necromancy
 - Level 9.0 Translocations
 - Level 5.0 Fire Magic
 - Level 8.0 Earth Magic
 - Level 9.0 Alchemy
 + Level 15.3 Invocations
 - Level 20.0 Evocations


You had 9 spell levels left.
You knew the following spells:

 Your Spells              Type           Power      Damage    Failure   Level
a - Death Channel         Necr           23%        N/A       9%          6
b - Inner Flame           Hex/Fire       21%        N/A       5%          3
c - Sticky Flame          Fire/Alch      25%        2d6       10%         4
d - Olgreb's Toxic Radia  Alch           31%        N/A       4%          4
e - Borgnjor's Vile Clut  Necr/Erth      18%        N/A       5%          5
f - Dimensional Bullseye  Hex/Tloc       13%        N/A       9%          4

Your spell library contained the following spells:

 Spells                   Type           Power      Damage    Failure   Level
 Apportation              Tloc           62%        N/A       1%          1
 Necrotise                Necr           100%       1d9       1%          1
 Cigotuvi's Dreadful Rot  Necr/Alch/Air  54%        N/A       1%          2
 Lesser Beckoning         Tloc           62%        N/A       1%          2
 Sublimation of Blood     Necr           46%        N/A       1%          2
 Gell's Gravitas          Tloc           31%        N/A       1%          3
 Teleport Other           Tloc           31%        N/A       1%          3
 Animate Dead             Necr           46%        N/A       1%          4
 Dispel Undead            Necr           46%        3d18      1%          4
 Sting                    Conj/Alch      72%        1d7       2%          1
 Jinxbite                 Hex            44%        N/A       2%          2
 Scorch                   Fire           38%        2d6       3%          2
 Volatile Blastmotes      Fire/Tloc      50%        2d14      3%          3
 Mercury Vapours          Alch/Air       36%        N/A       4%          2
 Sigil of Binding         Hex            22%        N/A       4%          3
 Tukima's Dance           Hex            22%        N/A       4%          3
 Ensorcelled Hibernation  Hex/Ice        26%        N/A       8%          2
 Martyr's Knell           Necr/Summ      25%        N/A       10%         4
 Dazzling Flash           Conj/Hex       26%        N/A       16%         3
 Cause Fear               Hex            11%        N/A       16%         4
 Shock                    Conj/Air       16%        1d4       19%         1
 Summon Small Mammal      Summ           16%        N/A       19%         1
 Lee's Rapid Deconstruct  Erth           14%        3d9*      19%         5
 Call Imp                 Summ           8%         N/A       26%         2
 Fulminant Prism          Conj/Alch      9%         3d7       28%         4
 Iskenderun's Mystic Bla  Conj/Tloc      18%        2d6       28%         4
 Vhi's Electric Charge    Tloc/Air       36%        N/A       28%         4
 Animate Armour           Summ/Erth      32%        N/A       34%         4
 Call Canine Familiar     Summ           4%         N/A       47%         3
 Swiftness                Air            4%         N/A       47%         3
 Flame Wave               Conj/Fire      12%        2d6       54%         4
 Summon Blazeheart Golem  Fire/Summ      12%        N/A       54%         4
 Airstrike                Air            2%         2d(1-17)  87%         4
 Summon Lightning Spire   Summ/Air       4%         N/A       87%         4
 Arcjolt                  Conj/Air       2%         1d12      99%         5
 Starburst                Conj/Fire      6%         6d4       100%        6
 Summon Cactus Giant      Summ           2%         N/A       100%        6
 Malign Gateway           Summ/Tloc      9%         N/A       100%        7
 Orb of Destruction       Conj           2%         9d5       100%        7
 Spellforged Servitor     Conj/Summ      2%         N/A       100%        7
 Summon Hydra             Summ           2%         N/A       100%        7
 Maxwell's Capacitive Co  Air            2%         ∞         100%        8
 Summon Horrible Things   Summ           2%         N/A       100%        8
 Chain Lightning          Conj/Air       2%         3d2       100%        9
 Death's Door             Necr           23%        N/A       100%        9
 Fire Storm               Conj/Fire      6%         8d2       100%        9
 Shatter                  Erth           14%        3d14*     100%        9


Dungeon Overview and Level Annotations

Branches:
Dungeon (15/15)            Temple (0/1) D:5            Lair (5/5) D:10
  Swamp (4/4) Lair:2       Spider (4/4) Lair:3        Slime (0/5) Lair:5
    Orc (2/2) D:12            Elf (3/3) Orc:2        Vaults (5/5) D:14
 Depths (4/4) D:15            Zot (0/5) Depths:4      IceCv (visited)
  Crypt: Vaults:2-3

Altars:
Elyvilon
Kikubaaqudgha
Makhleb
Nemelex Xobeh
Okawaru
Sif Muna
Xom
The Shining One
Jiyva
Lugonu

Shops:
D:7 :   D:11 !   D:12 :   D:13 :   Orc:1 *   Orc:2 :*=(   Elf:1 ?   Elf:2 [
Vaults:1 ?   Vaults:4 =   Depths:1 *=:=

Portals:
Hell: Depths:1 Depths:2 Depths:3 Depths:4
Abyss: Depths:3 Depths:4
Pandemonium: Depths:2 Depths:4
Ziggurat: Depths:3

Annotations:
D:8 Maurice
D:9 1 runed translucent door, SageDae's ghost, novice MDFi
Swamp:2 2 transporters, exclusion: orange crystal statue
Spider:3 exclusion: 2 downstairs
Vaults:4 1 runed translucent door, 2 transporters, Frederick; Yhagabbo's ghost, adept DrCj


Innate Abilities, Weirdness & Mutations

Your facial features are unmistakably orcish.
You can wield a second weapon in your off-hand.
It takes a long time for you to wield or remove held weapons.
Your first few attacks do less damage.
Attacking and casting redirects power from your legs.


Message History

The golden dragon barely misses you. x2
Your orc knight hits the freezing wraith from afar with a +0 halberd.
The flayed ghost cries, "Suffer as I suffered!"
Terrible wounds spread across more of your body!
* * * LOW HITPOINT WARNING * * *
The tentacled monstrosity tentacle-slaps you but does no damage.
The tentacled monstrosity closely misses you.
The tentacled monstrosity tentacle-slaps you but does no damage.
The tentacled monstrosity constricts you!
* * * LOW HITPOINT WARNING * * *
The stone giant hits your orc warlord.
Your orc knight hits the tentacled monstrosity with a +0 halberd!
Your orc knight unwields a +3 long sword.
Your orc knight wields a +0 arbalest.
Your orc knight shoots a bolt.
The bolt hits the tentacled monstrosity!
Unknown command.
You feel much better.
The orc warlord no longer looks unusually strong.
The war gargoyle launches metal splinters at you.
The spray of metal splinters hits you!
* * * LOW HITPOINT WARNING * * *
The ghostly vault sentinel blows a loud note on a signal horn!
The stone giant barely misses your orc warlord.
The orc warlord hits you with a +0 battleaxe!!
* * * LOW HITPOINT WARNING * * *
The orc warlord barely misses your orc knight.
Your orc knight hits the freezing wraith from afar with a +0 halberd!
The freezing wraith completely misses you.
The freezing wraith barely misses you.
Your orc warlord hits the stone giant with a +2 war axe of venom!!
The stone giant looks as sick as possible!
The ghostly deep elf death mage hits you but does no damage.
The tentacled monstrosity barely misses you.
The tentacled monstrosity completely misses you.
The tentacled monstrosity tentacle-slaps you but does no damage.
The tentacled monstrosity constricts you.
* * * LOW HITPOINT WARNING * * *
The golden dragon bites you!!
You die...

.. #....#..#
.....#....#..#
.....#....#..#
......#....#..#
....†...)..#..#####
.).)(..).).#o.†....
.))C..o.†[).$..!..
####CWo).oX$*.######
.......o9@eo$.$....
.:....o†WDop.......
........)<<..)......
...........))†......
##
######..)...)..#####
#. #.#.#..........).
# #.
#)#.#.#.......##.
.#. #)#)##....#.##
#.## ##)#)#....#.#


You could see a tentacled monstrosity (ally target), an orc warlord (very
poisoned), a golden dragon (drained), 2 stone giants, a ghostly deep elf death
mage, a flayed ghost, a war gargoyle (catching breath), a ghostly vault
sentinel, a freezing wraith (ally target), a lost soul (summoned), 2 friendly
orc warlords and 5 friendly orc knights.

Vanquished Creatures
  A dread lich (Vaults:5)
  Mennas (Vaults:5)
  A juggernaut (Depths:4)
  Mara (Depths:1)
  Bai Suzhen (Depths:2)
  Sojobo (Vaults:5)
  the Lernaean hydra (Swamp:4)
  9 caustic shrikes
  Jory (Depths:3)
  4 golden dragons
  Norris (Depths:1)
  Jorgrun (Elf:1)
  2 tentacled monstrosities
  Mlioglotl (Spider:3)
  2 liches
  A walking earthen tome (Depths:3)
  A deep elf master archer (Elf:3)
  2 deep elf blademasters (Elf:3)
  5 sphinxes
  5 shadow dragons
  3 tengu reavers
  A storm dragon (Depths:3)
  Aizul (Spider:1)
  A nagaraja (Depths:1)
  A draconian monk (Depths:4)
  7 fire giants
  6 frost giants
  4 emperor scorpions
  6 vault wardens
  2 spectral caustic shrikes (Depths:3)
  5 deep elf sorcerers
  A draconian knight (Depths:4)
  The ghost of Bustrupp the Cruncher, a journeyman DsMo of Gozag (D:15)
  4 ghost moths
  A draconian shifter (Depths:4)
  2 iron dragons
  2 orc warlords (Vaults:1)
  Louise (D:14)
  3 deep elf elementalists (Elf:3)
  12 ironbound preservers
  12 stone giants
  A broodmother (Spider:3)
  4 formless jellyfish
  9 very ugly things
  The ghost of Pixtaico the Unseen, an adept FeNe of Elyvilon (Vaults:1)
  2 ironbound thunderhulks
  A vampire knight (Depths:2)
  4 deep elf demonologists (Elf:3)
  5 deep elf death magi
  A yellow draconian (Depths:4)
  3 war gargoyles
  4 bunyips
  5 deep elf annihilators (Elf:3)
  5 eleionomae
  2 white draconians
  4 spark wasps
  Azrael (D:14)
  A dire elephant (Vaults:1)
  2 purple draconians (Depths:4)
  A red draconian (Depths:4)
  7 ettins
  A crystal guardian (Vaults:2)
  7 deep elf high priests
  A jiangshi (Depths:3)
  3 great orbs of eyes
  9 fire dragons
  5 entropy weavers
  2 shambling mangroves (Swamp:4)
  5 rakshasas
  11 yaktaur captains
  18 vault guards
  2 ghost crabs (Swamp:3)
  15 hydras
  7 ice dragons
  8 centaur warriors
  A radroach (Spider:3)
  5 jorogumos
  A salamander tyrant (Depths:4)
  14 alligators
  6 ironbound frosthearts
  5 spriggan air magi
  A two-headed ogre (D:8)
  27 dancing weapons
  5 boulder beetles
  6 deep troll shamans
  10 deep troll earth magi
  A vampire mage (Depths:1)
  7 death scarabs (Spider:4)
  An orc high priest (Elf:3)
  7 tengu warriors
  5 death yaks
  A spectral emperor scorpion (Spider:4)
  3 demonic crawlers
  2 hell hogs (Depths:2)
  5 spriggan berserkers
  5 hell knights (Depths:2)
  3 soul eaters (Depths:2)
  6 skysharks
  A salamander mystic (Depths:4)
  17 deep elf knights
  8 skeletal warriors
  A goliath frog (Swamp:2)
  35 deep trolls
  5 iron trolls
  A glowing orange brain (Vaults:4)
  4 pharaoh ants
  5 orb spiders
  8 swamp dragons (Swamp:4)
  A mana viper (shapeshifter) (Vaults:5)
  3 spriggan druids
  A flayed ghost (Depths:3)
  A deep troll (shapeshifter) (Depths:3)
  A naga ritualist (Depths:1)
  A sun moth (Spider:4)
  11 deep elf archers
  9 lindwurms
  A phantasmal warrior (Vaults:5)
  2 orange crystal statues
  4 harpies (Vaults:1)
  A bog body (Swamp:2)
  21 deep elf zephyrmancers
  A lindwurm (shapeshifter) (Vaults:5)
  18 deep elf pyromancers
  A spectral wolf spider (Spider:4)
  15 wolf spiders
  A frost giant zombie (Vaults:2)
  11 orc knights
  4 steelbarb worms
  12 ironbound convokers
  A wolf spider zombie (Spider:4)
  4 necromancers
  5 salamanders (Depths:4)
  3 orc sorcerers
  3 manticores
  5 moths of wrath
  6 will-o-the-wisps
  33 ugly things
  7 vault sentinels
  A stone giant skeleton (Vaults:3)
  3 cyclopes
  4 elephants
  2 kobold blastminers (Orc:2)
  A water nymph (shapeshifter) (Vaults:5)
  3 smoke demons (Depths:2)
  A gargoyle (D:10)
  2 black mambas (Lair:2)
  A molten gargoyle (Depths:4)
  17 cane toads
  5 torpor snails
  10 komodo dragons
  2 spectral redbacks (Spider:4)
  13 rime drakes
  A centaur skeleton (D:15)
  A freezing wraith (Vaults:5)
  A hellion (Depths:2)
  2 tengu conjurers
  2 redback zombies (Spider:4)
  An efreet (D:13)
  A queen bee (shapeshifter) (D:13)
  2 red devils (Swamp:2)
  15 yaktaurs
  A yaktaur skeleton (Vaults:3)
  15 hornets
  5 trolls
  2 tyrant leeches
  20 polar bears
  2 human skeletons
  3 spectral tarantellas (Spider:4)
  15 tarantellas
  A jumping spider zombie (Spider:4)
  A snapping turtle (shapeshifter) (Vaults:5)
  A spectral jumping spider (Spider:4)
  16 blink frogs
  A glass eye (Depths:1)
  An elf zombie (Vaults:2)
  An ettin zombie (Vaults:3)
  20 slime creatures
  An ettin skeleton (Vaults:1)
  34 jumping spiders
  5 spriggans
  A spriggan (shapeshifter) (D:15)
  10 water elementals
  A vampire (D:10)
  2 shadows
  5 wraiths
  2 basilisks
  6 fire elementals
  A wyvern (D:7)
  26 culicivoras
  3 fire bats (Depths:4)
  4 wargs (Orc:2)
  A yak (shapeshifter) (Elf:1)
  21 vampire mosquitoes
  32 yaks
  2 humans (D:14)
  2 steam dragons
  44 redbacks
  5 hell hounds (D:14)
  2 acid dragons
  20 water moccasins
  17 swamp worms
  7 swamp drakes
  4 black bears
  2 sky beasts
  2 ice beasts
  21 orc warriors
  6 ogres
  5 wolves (Lair:2)
  18 centaurs
  2 phantoms
  2 kobold brigands
  14 bullfrogs
  A scorpion (D:2)
  A gnoll sergeant (D:10)
  4 earth elementals
  6 killer bees
  2 howler monkeys (D:5)
  4 electric eels
  A human simulacrum (Vaults:2)
  A gnoll bouda (D:8)
  3 jellies (D:6)
  4 orc priests
  2 bombardier beetles (D:4)
  A hound (D:5)
  Crazy Yiuf (D:5)
  8 iguanas
  3 sleepcaps
  10 orc wizards
  13 gnolls
  8 adders
  2 white imps (D:6)
  3 ribbon worms (D:5)
  2 dart slugs (D:4)
  27 orcs
  5 bats
  9 endoplasms
  6 giant cockroaches
  8 goblins
  13 hobgoblins
  2 jackals (D:5)
  5 quokkas
  9 ball pythons
  6 frilled lizards
  20 kobolds
  4 rats (D:2)
1394 creatures vanquished.

Vanquished Creatures (collateral kills)
  An ancient lich (Vaults:5)
  Saint Roka (Vaults:1)
  A caustic shrike (Depths:4)
  Nikola (Vaults:3)
  3 golden dragons
  Arachne (Spider:3)
  A lich (Depths:3)
  A tentacled monstrosity (Vaults:5)
  Asterion (Vaults:1)
  A deep elf master archer (Elf:3)
  A deep elf blademaster (Elf:2)
  A sphinx (Vaults:1)
  3 shadow dragons (Vaults:5)
  3 tengu reavers
  A fenstrider witch (Swamp:3)
  3 fire giants
  A frost giant (Vaults:5)
  An iron dragon (Vaults:5)
  2 vault wardens (Vaults:5)
  The ghost of Mett the Spry, a journeyman MfSh of the Shining One (Swamp:2)
  A spectral caustic shrike (Depths:3)
  A spriggan defender (Depths:2)
  3 stone giants
  3 ironbound preservers
  An orc warlord (Vaults:3)
  An eleionoma (Swamp:3)
  A deep elf death mage (Elf:3)
  A war gargoyle (Vaults:3)
  A dire elephant (Vaults:3)
  A bunyip (Swamp:3)
  A white draconian (Depths:4)
  A spark wasp (Spider:4)
  4 ettins
  An orc apostle (Swamp:2)
  2 great orbs of eyes
  A jiangshi (Depths:3)
  7 yaktaur captains
  An entropy weaver (Spider:2)
  An ice dragon (Depths:3)
  11 vault guards
  A hydra (Lair:2)
  A rakshasa (Depths:2)
  A catoblepas (Lair:2)
  2 peacekeepers
  A jorogumo (Spider:3)
  A centaur warrior (D:13)
  Erolcha (Orc:1)
  A two-headed ogre (Orc:1)
  4 ironbound frosthearts
  2 alligators
  3 boulder beetles
  7 death yaks
  2 demonic crawlers
  A tengu warrior (D:15)
  A vampire mage (Depths:3)
  6 hell knights (Depths:4)
  2 spriggan berserkers
  An orc high priest (Swamp:2)
  7 deep elf knights
  A skeletal warrior (D:13)
  2 pharaoh ants (Spider:3)
  4 goliath frogs
  A salamander mystic (Depths:4)
  5 orb spiders
  3 skysharks (Lair:5)
  A flayed ghost (Depths:3)
  An arcanist (Vaults:3)
  A spriggan druid (Swamp:2)
  2 deep elf archers (Elf:3)
  4 lindwurms
  2 swamp dragons (Swamp:4)
  11 deep trolls
  2 necromancers
  5 steelbarb worms
  2 phantasmal warriors (Vaults:5)
  2 orc knights
  3 ironbound convokers
  A harpy (Vaults:1)
  8 wolf spiders
  3 deep elf pyromancers
  A salamander (Depths:4)
  2 orc sorcerers
  11 ugly things
  A moth of wrath (Spider:2)
  A cyclops (D:15)
  A centaur zombie (D:15)
  3 vault sentinels
  A black mamba (Lair:2)
  A kobold blastminer (Orc:1)
  4 elephants
  A centaur skeleton (D:15)
  2 yaktaurs
  5 dancing weapons
  A cane toad (Lair:5)
  A rime drake (IceCv)
  2 komodo dragons
  2 trolls
  An efreet (D:13)
  4 polar bears
  3 red devils (Swamp:2)
  2 tarantellas
  A jumping spider zombie (Spider:4)
  A tengu simulacrum (Vaults:1)
  3 hornets
  4 tyrant leeches
  7 blink frogs
  8 slime creatures
  5 culicivoras
  4 spriggans
  6 jumping spiders
  14 yaks
  2 wyverns
  2 basilisks
  2 water elementals
  6 redbacks
  2 steam dragons
  2 vampire mosquitoes
  3 swamp worms
  A water moccasin (Lair:5)
  A glowing shapeshifter skeleton (Vaults:1)
  10 orc warriors
  2 laughing skulls (D:15)
  2 swamp drakes
  An ogre (Orc:2)
  5 centaurs
  3 wolves (Lair:2)
  4 bullfrogs
  6 killer bees
  An electric eel (D:13)
  A gnoll bouda (D:10)
  3 orc priests
  3 orc wizards
  A gnoll (D:10)
  6 orcs
354 creatures vanquished.

Vanquished Creatures (others)
  3 orc warlords
  29 orc apostles
  5 orc high priests
  A shadow wraith (Vaults:5)
  A deep elf archer (Elf:3)
  15 orc knights
  An orc sorcerer (Vaults:5)
  2 bloated husks (Swamp:2)
  8 orc warriors
  9 orc priests
  3 orc wizards
  14 orcs
  14 foxfires
  A spectral weapon (Vaults:1)
106 creatures vanquished.

Grand Total: 1854 creatures vanquished

Notes
Turn   | Place    | Note
-------+----------+-------------------------------------------
     0 | D:1      | ragingrage the Coglin Hexslinger began the quest for the
                  | Orb.
     0 | D:1      | Reached XP level 1. HP: 15/15 MP: 2/2
    74 | D:1      | Reached XP level 2. HP: 21/21 MP: 3/3
   192 | D:1      | Reached XP level 3. HP: 26/26 MP: 4/4
   219 | D:1      | Reached skill level 1 in Stealth
   232 | D:1      | Learned a level 2 spell: Jinxbite
   646 | D:2      | Identified the +4 short sword "Ogadotef" {holy, rF- Str+4}
   739 | D:2      | Found a faded altar of an unknown god.
   741 | D:2      | Noticed a scorpion
   754 | D:2      | Killed a scorpion
   755 | D:2      | Reached XP level 4. HP: 26/32 MP: 1/5
   755 | D:2      | Reached XP level 5. HP: 31/37 MP: 1/6
  1843 | D:3      | Identified the +0 ring mail of Uskayaw {rF+ Str+4}
  2051 | D:3      | Found a glowing golden altar of the Shining One.
  2052 | D:3      | Found a burning altar of Makhleb.
  2285 | D:3      | Became a worshipper of Beogh the Shepherd
  2879 | D:4      | Noticed a black bear
  2884 | D:4      | Killed a black bear
  2885 | D:4      | Reached XP level 6. HP: 43/43 MP: 4/7
  3049 | D:4      | Reached skill level 5 in Ranged Weapons
  3267 | D:4      | Reached * piety under Beogh
  3526 | D:4      | Reached XP level 7. HP: 48/48 MP: 5/8
  3531 | D:4      | Learned a level 3 spell: Inner Flame
  3630 | D:4      | Reached skill level 1 in Fire Magic
  4249 | D:5      | Entered Level 5 of the Dungeon
  4293 | D:5      | Found a staircase to the Ecumenical Temple.
  4479 | D:5      | Found a runed translucent door.
  4480 | D:5      | Noticed Crazy Yiuf
  4766 | D:5      | Reached skill level 5 in Hexes
  4766 | D:5      | Reached XP level 8. HP: 54/54 MP: 6/9
  5154 | D:5      | Reached ** piety under Beogh
  5519 | D:5      | Killed Crazy Yiuf
  5673 | D:6      | Found an iron altar of Okawaru.
  5709 | D:6      | Identified the +7 hand axe of Day {flame, Dex+4}
  6133 | D:6      | Reached XP level 9. HP: 59/59 MP: 5/10
  7152 | D:7      | Found Zoroigen's Book Shop.
  7575 | D:8      | Noticed Maurice
  7718 | D:8      | Noticed a troll
  7729 | D:8      | Killed a troll
  7934 | D:8      | Noticed a troll
  7949 | D:8      | Killed a troll
  7950 | D:8      | Reached skill level 10 in Ranged Weapons
  8232 | D:8      | Found a shimmering blue altar of Sif Muna.
  8235 | D:8      | Reached XP level 10. HP: 70/70 MP: 8/11
  8281 | D:8      | Noticed a two-headed ogre
  8293 | D:8      | Killed a two-headed ogre
  8913 | D:8      | Learned a level 4 spell: Sticky Flame
  9106 | D:9      | Reached skill level 1 in Alchemy
  9238 | D:8      | Reached *** piety under Beogh
  9253 | D:8      | Identified the +1 dagger "Heom" {pain, rPois rF++ Will+
                  | Int-3}
  9253 | D:8      | Identified the +5 robe of Caaqiecy {Will+}
  9253 | D:8      | Noticed Wardok
  9276 | D:8      | Anointed Wardok the wizard as your apostle
  9740 | D:9      | Reached skill level 5 in Alchemy
  9770 | D:9      | Found a runed translucent door.
  9775 | D:9      | Noticed SageDae's ghost (novice MDFi)
  9817 | D:9      | Reached XP level 11. HP: 45/75 MP: 6/12
 10448 | D:10     | Entered Level 10 of the Dungeon
 10572 | D:10     | Found a staircase to the Lair.
 10619 | D:10     | Was placed under penance by Beogh
 10633 | D:10     | Noticed Syrus
 10809 | D:10     | Reached skill level 1 in Evocations
 11180 | D:10     | Reached skill level 2 in Evocations
 11737 | D:11     | Reached skill level 3 in Evocations
 11865 | D:11     | Noticed a boulder beetle
 11879 | D:11     | Killed a boulder beetle
 11880 | D:11     | Reached skill level 5 in Fighting
 11880 | D:11     | Reached skill level 4 in Evocations
 12230 | D:11     | Was forgiven by Beogh
 12289 | D:11     | Found Hiotyil's Distillery.
 12300 | D:11     | Bought a potion of enlightenment for 75 gold pieces
 12300 | D:11     | Bought a potion of heal wounds for 75 gold pieces
 12300 | D:11     | Bought a potion of lignification for 45 gold pieces
 12636 | D:11     | Noticed a white ugly thing
 12653 | D:11     | Killed a white ugly thing
 12654 | D:11     | Reached skill level 5 in Evocations
 12898 | D:12     | Noticed a skeletal warrior
 12898 | D:12     | Noticed a skeletal warrior
 12987 | Lair:1   | Entered Level 1 of the Lair of Beasts
 13048 | Lair:1   | Reached skill level 5 in Dodging
 13048 | Lair:1   | Reached skill level 1 in Invocations
 13386 | Lair:1   | Reached XP level 12. HP: 50/86 MP: 3/15
 13690 | Lair:1   | Reached **** piety under Beogh
 13775 | Lair:1   | Reached skill level 5 in Invocations
 13788 | Lair:1   | HP: 1/86 [elephant (10)]
 14311 | Lair:2   | Was placed under penance by Beogh
 14312 | Lair:2   | Reached skill level 5 in Fire Magic
 14894 | Lair:2   | Learned a level 4 spell: Olgreb's Toxic Radiance
 15396 | Lair:2   | Was forgiven by Beogh
 15641 | Lair:2   | Noticed a four-headed hydra
 15656 | Lair:2   | Your ally Wardok died
 15657 | Lair:2   | Killed a four-headed hydra
 15658 | Lair:2   | Reached XP level 13. HP: 27/98 MP: 1/16
 15956 | Lair:2   | Found a staircase to the Swamp.
 16731 | Lair:2   | Anointed Wargath the warrior as your apostle
 17419 | Lair:3   | Found a hole to the Spider Nest.
 17495 | Lair:3   | Identified the +7 quarterstaff "Agheted" {venom, rF++ rC+}
 17630 | Lair:3   | Your ally Wargath died
 18014 | Lair:3   | Reached skill level 6 in Evocations
 18329 | Lair:3   | Was placed under penance by Beogh
 18824 | Lair:4   | Identified the +10 rapier of Untruth {heavy, rPois rC+}
 19241 | Lair:4   | Reached skill level 7 in Evocations
 19624 | Lair:4   | Was forgiven by Beogh
 19746 | Lair:4   | Reached skill level 10 in Fighting
 19886 | Lair:4   | Identified the +9 short sword of the Enchanted Forest
                  | {venom, Will+ rCorr Str+3}
 20042 | Lair:4   | HP: 3/103 [komodo dragon (26)]
 20044 | Lair:4   | Reached skill level 10 in Dodging
 20046 | Lair:4   | Reached skill level 1 in Short Blades
 20483 | Lair:5   | Entered Level 5 of the Lair of Beasts
 20555 | Lair:5   | Found a staircase to the Slime Pits.
 20565 | Lair:5   | Reached XP level 14. HP: 100/110 MP: 17/17
 20576 | Lair:5   | Your ally Wargath died
 20964 | Lair:5   | Reached skill level 5 in Short Blades
 21488 | Lair:5   | Reached ***** piety under Beogh
 21764 | Lair:5   | Found a viscous altar of Jiyva.
 22170 | Lair:5   | Identified the +4 flail of Precise Incision {venom, rF+ rN+
                  | Int+2 Dex-3}
 22181 | Lair:5   | Anointed Bolgrim the priest as your apostle
 22331 | Lair:5   | Identified the staff "Jayh Hot" {rF+ rCorr Int-5 Hexes
                  | Fire}
 22784 | D:12     | Found Qaczi's Book Shop.
 22983 | D:12     | Found a staircase to the Orcish Mines.
 23536 | D:13     | Found Hyroisax's Book Shop.
 23993 | D:13     | Reached XP level 15. HP: 105/115 MP: 19/19
 24445 | D:13     | Reached skill level 10 in Short Blades
 24797 | D:13     | Noticed Sonja
 24799 | D:13     | Sonja changed into Sonja the spriggan
 24799 | D:13     | Noticed Sonja
 24803 | D:13     | Killed Sonja the spriggan
 25040 | D:13     | Identified 2 scrolls of acquirement
 25041 | D:13     | Acquired the +10 hand cannon of the Present {drain, rF+}
 25252 | Orc:1    | Entered Level 1 of the Orcish Mines
 25289 | Orc:1    | Acquired the +1 hat of Pehellus {rPois Will+ Int+2 Stlth-}
 25344 | Orc:2    | Entered Level 2 of the Orcish Mines
 25352 | Orc:2    | Was placed under penance by Beogh
 25648 | Orc:2    | Was forgiven by Beogh
 26128 | Lair:4   | Found an iron altar of Okawaru.
 26407 | Orc:2    | Found Redieb's Assorted Antiques.
 26407 | Orc:2    | Found Wytenuj's Jewellery Shoppe.
 26409 | Orc:2    | Found Bungawun's Antique Weapon Emporium.
 26411 | Orc:2    | Found Feyrhire's Book Boutique.
 26415 | Orc:2    | Bought a pair of bloodstained gloves for 209 gold pieces
 26415 | Orc:2    | Identified the -1 pair of gloves of Spite {Dex-3 SInv
                  | Stlth+} (You bought it in a shop on level 2 of the Orcish
                  | Mines)
 26620 | Orc:2    | Found a staircase to the Elven Halls.
 26716 | D:13     | Bought a manual of Ranged Weapons for 960 gold pieces
 27173 | Orc:1    | Noticed Erolcha
 27176 | Orc:1    | Killed Erolcha
 27261 | Orc:1    | Found Aoatureb's Alliterative Armaments.
 27736 | Swamp:1  | Entered Level 1 of the Swamp
 27968 | Swamp:1  | Identified the +8 great sword "Kentole" {venom, rCorr Int-3
                  | Dex+4}
 28333 | Swamp:2  | Your ally Wargath died
 28508 | Swamp:2  | Reached skill level 15 in Ranged Weapons
 28781 | Swamp:2  | Reached XP level 16. HP: 105/122 MP: 22/22
 28810 | Swamp:2  | Identified the +4 dagger of Prudence {vamp, SInv}
 28820 | Swamp:2  | Found a large runed translucent door.
 28823 | Swamp:2  | Your ally Bolgrim died
 28837 | Swamp:2  | Anointed Orkrul the wizard as your apostle
 28875 | Swamp:2  | Found a large runed translucent door.
 28876 | Swamp:2  | Noticed Mett's ghost (journeyman MfSh)
 29089 | Swamp:2  | Found a transporter.
 29131 | Swamp:2  | Noticed a tentacled monstrosity
 29134 | Swamp:2  | Noticed a tentacled monstrosity
 29135 | Swamp:2  | Noticed a thorn hunter
 29141 | Swamp:2  | Noticed a fenstrider witch
 29151 | Swamp:2  | Found a transporter.
 29374 | Swamp:2  | Killed Mett's ghost
 29420 | Swamp:2  | Identified the staff of Misery {rElec rF+ Dex+3 Fire}
 29445 | Swamp:3  | Noticed a fenstrider witch
 29445 | Swamp:3  | Found a glacial archway.
 29450 | Swamp:3  | Your ally Orkrul died
 29454 | Swamp:3  | Your ally Bolgrim died
 29455 | Swamp:3  | Your ally Wargath died
 29649 | IceCv    | Entered an ice cave
 30312 | IceCv    | Reached skill level 8 in Evocations
 30591 | IceCv    | Identified the +1 short sword of Change {drain, rPois}
 30840 | Swamp:3  | Killed a fenstrider witch
 30907 | Swamp:3  | Was placed under penance by Beogh
 30908 | Swamp:3  | Reached XP level 17. HP: 110/130 MP: 23/23
 30915 | Swamp:3  | Reached skill level 9 in Evocations
 31400 | Swamp:4  | Entered Level 4 of the Swamp
 31556 | Swamp:4  | Was forgiven by Beogh
 31573 | Swamp:4  | Reached skill level 10 in Evocations
 31902 | Swamp:4  | Reached skill level 1 in Armour
 31962 | Swamp:4  | Your ally Wargath died
 31980 | Swamp:4  | Your ally Bolgrim died
 32009 | Swamp:4  | Noticed the 27-headed Lernaean hydra
 32013 | Swamp:4  | Your ally Orkrul died
 32015 | Swamp:4  | Killed the 27-headed Lernaean hydra
 32077 | Swamp:4  | Got a decaying rune of Zot
 32249 | Swamp:4  | Learned a level 4 spell: Dimensional Bullseye
 32313 | Swamp:4  | Reached skill level 11 in Evocations
 32562 | Swamp:2  | Identified the +4 dagger of Derysol {drain, rC+ rCorr
                  | Stlth-}
 32562 | Swamp:2  | Identified the +2 robe of the Merchant {Harm}
 32648 | Spider:1 | Entered Level 1 of the Spider Nest
 33005 | Spider:1 | Identified the serpent talisman of the Flute {rF+ MP+9
                  | Int-3 Stlth+}
 33005 | Spider:1 | Noticed Aizul
 33010 | Spider:1 | Killed Aizul
 33070 | Spider:1 | Reached ****** piety under Beogh
 33550 | Spider:2 | Reached skill level 5 in Armour
 33895 | Spider:2 | Reached XP level 18. HP: 123/140 MP: 24/24
 33897 | Spider:2 | Your ally Wargath died
 34356 | Spider:3 | Your ally Bolgrim died
 34505 | Spider:3 | Your ally Orkrul died
 34717 | Spider:3 | Noticed Mlioglotl
 34728 | Spider:3 | Killed Mlioglotl
 34808 | Spider:3 | Noticed Arachne
 34825 | Spider:3 | Killed Arachne
 35158 | Spider:3 | Anointed Bogmar the priest as your apostle
 35395 | Spider:3 | Was placed under penance by Beogh
 35719 | Spider:4 | Entered Level 4 of the Spider Nest
 35752 | Spider:3 | Reached skill level 12 in Evocations
 36190 | D:14     | Noticed Azrael
 36194 | D:14     | Killed Azrael
 36365 | D:14     | Found Yrrauhue's Vocational Training.
 36379 | D:14     | Acquired 1060 gold pieces
 36381 | D:14     | Bought a manual of Evocations for 1040 gold pieces
 36381 | D:14     | Bought a manual of Invocations for 1040 gold pieces
 36396 | D:14     | Noticed Louise
 36408 | D:14     | Killed Louise
 36424 | D:14     | Was forgiven by Beogh
 36531 | D:14     | Found a white marble altar of Elyvilon.
 37060 | D:14     | Found a gate to the Vaults.
 37096 | D:15     | Entered Level 15 of the Dungeon
 37096 | D:15     | Noticed Nessos
 37097 | D:15     | Nessos changed into Nessos the hornet
 37097 | D:15     | Noticed Nessos
 37101 | D:15     | Killed Nessos the hornet
 37234 | D:15     | Identified the maw talisman "Piapra" {rC+ Str+3}
 37280 | D:15     | Found a runed translucent door.
 37280 | D:15     | Noticed Bustrupp's ghost (journeyman DsMo)
 37345 | D:15     | Reached skill level 13 in Evocations
 37563 | D:15     | Found a staircase to the Depths.
 37833 | D:15     | Killed Bustrupp's ghost
 38515 | Elf:1    | Entered Level 1 of the Elven Halls
 38835 | Elf:1    | Found Tymniasu's Magic Scroll Emporium.
 38842 | Elf:1    | Bought a scroll of summoning for 171 gold pieces
 38895 | Elf:1    | Reached skill level 14 in Evocations
 38918 | Elf:1    | Reached skill level 10 in Invocations
 38939 | Elf:1    | Noticed Jorgrun
 38944 | Elf:1    | Reached XP level 19. HP: 149/149 MP: 26/26
 38952 | Elf:1    | Killed Jorgrun
 39311 | Elf:1    | Was placed under penance by Beogh
 39495 | Elf:1    | Reached skill level 15 in Evocations
 39535 | Elf:1    | Found a runed translucent gate.
 39535 | Elf:1    | Found a runed translucent gate.
 39535 | Elf:1    | Found a runed translucent gate.
 39535 | Elf:1    | Found a runed translucent gate.
 39535 | Elf:1    | Found a runed translucent gate.
 39537 | Elf:1    | Found a runed translucent gate.
 40147 | Elf:2    | Found Jibiv's Armour Emporium.
 40249 | Elf:2    | Was forgiven by Beogh
 40453 | Elf:2    | Reached skill level 16 in Evocations
 40719 | Elf:2    | Found a runed translucent gate.
 40719 | Elf:2    | Found a runed translucent gate.
 40719 | Elf:2    | Found a runed translucent gate.
 41181 | Elf:3    | Entered Level 3 of the Elven Halls
 41242 | Elf:3    | Found a flickering gateway to a bazaar.
 41252 | Elf:3    | Your ally Wargath died
 41293 | Bazaar   | Entered a bazaar
 41445 | Bazaar   | Found Vaicseam's Antique Weapon Boutique.
 41463 | Bazaar   | Found Imaixked's Antique Armour Emporium.
 41472 | Bazaar   | Bought a pair of embroidered gloves for 225 gold pieces
 41493 | Bazaar   | Found Gyxegic's Book Boutique.
 41512 | Bazaar   | Found Ahicvuoc's Antique Weapon Shoppe.
 41572 | Bazaar   | Bought a bloodstained hat for 270 gold pieces
 41572 | Bazaar   | Identified the +2 hat of Plasticity {rElec rPois rC-
                  | Slay+5} (You bought it in a shop in a bazaar)
 42304 | Elf:3    | Identified the +1 leather armour "Fasuost" {rPois rF-
                  | Will+++ Str-5}
 42305 | Elf:3    | Reached skill level 17 in Evocations
 42307 | Elf:3    | Identified the ring of Kefoekar {rElec rCorr Dex+3 Slay+3}
 42316 | Elf:3    | Your ally Wargath died
 42316 | Elf:3    | Your ally Bolgrim died
 42324 | Elf:3    | Reached skill level 18 in Evocations
 42347 | Elf:3    | Your ally Bogmar died
 42401 | Elf:3    | Identified the +5 scimitar "Haajagg" {freeze, rF+ Int+4
                  | Dex+9 Stlth-}
 42411 | Elf:3    | Identified the +5 trident "Moerr" {flame, Str+3}
 42425 | Elf:3    | Reached skill level 19 in Evocations
 42506 | Elf:3    | Learned a level 5 spell: Borgnjor's Vile Clutch
 42652 | Elf:3    | Identified the +1 helmet of Insatiable Hunger {Int+4}
 42677 | Elf:3    | Identified the staff of the Soothsayer {*Corrode rElec rN+
                  | Dex+4 Necro}
 42771 | Elf:3    | Anointed Hawl the priest as your apostle
 42844 | Elf:3    | Got Qafidogu's Precepts of Bewitching Coffins
 42971 | Elf:3    | Reached XP level 20. HP: 150/159 MP: 30/30
 43058 | Elf:3    | Identified the +8 broad axe of the Orb {freeze, *Rage Str+2
                  | Stlth+}
 43123 | Elf:1    | Found an ancient bone altar of Kikubaaqudgha.
 43292 | Elf:2    | Was placed under penance by Beogh
 44220 | Spider:3 | Was forgiven by Beogh
 44537 | Spider:4 | Was placed under penance by Beogh
 44585 | Spider:4 | Reached skill level 1 in Translocations
 44797 | Spider:4 | Was forgiven by Beogh
 44799 | Spider:4 | Was placed under penance by Beogh
 44839 | Spider:4 | Identified the +1 hat "Uvvaivac" {Regen+ rCorr Dex+3}
 44848 | Spider:4 | Got a gossamer rune of Zot
 45022 | Spider:4 | Reached skill level 15 in Fighting
 45481 | Vaults:1 | Entered Level 1 of the Vaults
 45481 | Vaults:1 | Found Moalusu's Magic Scroll Emporium.
 45523 | Vaults:1 | Reached skill level 15 in Invocations
 45681 | Vaults:1 | Reached XP level 21. HP: 126/167 MP: 32/32
 45764 | Vaults:1 | Was forgiven by Beogh
 45871 | Vaults:1 | Noticed Saint Roka
 45880 | Vaults:1 | Killed Saint Roka
 45881 | Vaults:1 | Reached skill level 5 in Translocations
 45894 | Vaults:1 | Noticed Asterion
 45898 | Vaults:1 | Your ally Bolgrim died
 45900 | Vaults:1 | Killed Asterion
 46597 | Vaults:1 | Found a runed translucent door.
 46597 | Vaults:1 | Noticed Pixtaico's ghost (adept FeNe)
 46717 | Vaults:1 | Killed Pixtaico's ghost
 46884 | Vaults:2 | Was placed under penance by Beogh
 46942 | Vaults:2 | Reached skill level 15 in Dodging
 47095 | Vaults:2 | Acquired 906 gold pieces
 47109 | Vaults:2 | Reached skill level 20 in Evocations
 47379 | Vaults:2 | Was forgiven by Beogh
 47457 | Vaults:2 | You are sucked into a shaft and drop 2 floors!
 47463 | Vaults:4 | Identified the +2 pair of gloves of Weirdness {rF- rN+
                  | Stlth+}
 47912 | Vaults:3 | Your ally Bogmar died
 47914 | Vaults:3 | Your ally Hawl died
 47971 | Vaults:3 | Anointed Geork the priest as your apostle
 48194 | Vaults:3 | Noticed Nikola
 48212 | Vaults:3 | Killed Nikola
 48215 | Vaults:3 | Reached XP level 22. HP: 174/179 MP: 33/33
 48618 | Vaults:3 | Identified the +5 mace of Success {spect, Dex+3}
 49156 | Vaults:4 | Your ally Bogmar died
 49158 | Vaults:4 | Your ally Geork died
 49275 | Vaults:4 | Identified the orb "Usosh" {*channel, rPois}
 49275 | Vaults:4 | Noticed Frederick
 49322 | Vaults:4 | Found a runed translucent door.
 49322 | Vaults:4 | Found a shimmering altar of Xom.
 49322 | Vaults:4 | Noticed Yhagabbo's ghost (adept DrCj)
 49595 | Vaults:4 | Found a transporter.
 49599 | Vaults:4 | Found Gagaor's Jewellery Shop.
 49661 | Vaults:4 | Found a transporter.
 49904 | Depths:1 | Entered Level 1 of the Depths
 50083 | Depths:1 | Found Ceinam's Jewellery Shop.
 50085 | Depths:1 | Found Cupic's Book Shoppe.
 50087 | Depths:1 | Found Huvikk's Jewellery Shop.
 50164 | Depths:1 | Found a sparkling altar of Nemelex Xobeh.
 50186 | Depths:1 | Noticed Mara
 50191 | Depths:1 | Was placed under penance by Beogh
 50192 | Depths:1 | Noticed ragingrage's illusion
 50192 | Depths:1 | Killed Mara
 50325 | Depths:1 | Found a gateway to Hell.
 50378 | Depths:1 | Noticed a caustic shrike
 50378 | Depths:1 | Noticed a caustic shrike
 50378 | Depths:1 | Noticed a caustic shrike
 50379 | Depths:1 | Noticed a caustic shrike
 50380 | Depths:1 | Killed a caustic shrike
 50386 | Depths:1 | Killed a caustic shrike
 50386 | Depths:1 | Killed a caustic shrike
 50386 | Depths:1 | Noticed a caustic shrike
 50389 | Depths:1 | Killed a caustic shrike
 50391 | Depths:1 | Killed a caustic shrike
 50454 | Depths:1 | Learned a level 6 spell: Death Channel
 50540 | Depths:1 | Found Veihom's Serpentskin Sales.
 50549 | Depths:1 | Reached skill level 1 in Necromancy
 50645 | Depths:1 | Was forgiven by Beogh
 50645 | Depths:1 | Noticed Norris
 50646 | Depths:1 | Reached skill level 1 in Earth Magic
 50655 | Depths:1 | Was placed under penance by Beogh
 50656 | Depths:1 | Reached skill level 10 in Armour
 50656 | Depths:1 | Killed Norris
 51115 | Depths:2 | Was forgiven by Beogh
 51162 | Depths:2 | Found a one-way gate leading to the halls of Pandemonium.
 51166 | Depths:2 | Was placed under penance by Beogh
 51240 | Depths:2 | Reached XP level 23. HP: 190/190 MP: 34/34
 51314 | Depths:2 | Identified the dragon-blood talisman of Qahextec {Int+4}
 51314 | Depths:2 | Noticed Bai Suzhen
 51319 | Depths:2 | Killed Bai Suzhen
 52265 | Depths:2 | Was forgiven by Beogh
 52319 | Depths:2 | Noticed a golden dragon
 52324 | Depths:2 | Killed a golden dragon
 52329 | Depths:2 | Identified the +1 shortbow "Lesel" {freeze, rPois Str+3}
 52510 | Depths:2 | Reached skill level 5 in Necromancy
 53072 | Depths:3 | Noticed Jory
 53080 | Depths:3 | Killed Jory
 53152 | Depths:3 | Found a one-way gateway to a ziggurat.
 53227 | Depths:3 | Found a corrupted altar of Lugonu.
 53227 | Depths:3 | Found a one-way gate to the infinite horrors of the Abyss.
 53447 | Depths:3 | Noticed a golden dragon
 53450 | Depths:3 | Killed a golden dragon
 53505 | Depths:3 | Noticed a golden dragon
 53511 | Depths:3 | Killed a golden dragon
 53514 | Depths:3 | Reached skill level 5 in Earth Magic
 53742 | Depths:3 | Noticed a golden dragon
 53742 | Depths:3 | Noticed a golden dragon
 53751 | Depths:3 | Your ally Geork died
 53841 | Depths:3 | Killed a golden dragon
 53851 | Depths:3 | Your ally Bogmar died
 53854 | Depths:3 | Killed a golden dragon
 53976 | Depths:3 | Identified the +9 short sword of Gozag's Grace {spect,
                  | Str+3 Dex+4}
 53978 | Depths:3 | Identified the +2 flail "Vech" {venom, rF- Dex+4}
 54050 | Depths:4 | Entered Level 4 of the Depths
 54153 | Depths:4 | Your ally Hawl died
 54302 | Depths:4 | Identified the +6 flail of Piholaz {venom, rPois Int+2
                  | Dex+2}
 54311 | Depths:4 | Anointed Urtork the priest as your apostle
 54607 | Depths:4 | Your ally Urtork died
 54643 | Depths:4 | Reached skill level 10 in Necromancy
 54691 | Depths:4 | Noticed a juggernaut
 54696 | Depths:4 | Killed a juggernaut
 54955 | Depths:4 | Found a gate to the Realm of Zot.
 54988 | Depths:4 | Noticed a golden dragon
 54995 | Depths:4 | Reached XP level 24. HP: 142/197 MP: 34/34
 55239 | Depths:4 | Noticed a caustic shrike
 55239 | Depths:4 | Noticed a caustic shrike
 55239 | Depths:4 | Noticed a caustic shrike
 55241 | Depths:4 | Noticed a caustic shrike
 55242 | Depths:4 | Noticed a caustic shrike
 55247 | Depths:4 | Killed a caustic shrike
 55248 | Depths:4 | Your ally Urtork died
 55251 | Depths:4 | Killed a caustic shrike
 55252 | Depths:4 | Killed a caustic shrike
 55252 | Depths:4 | Your ally Hawl died
 55253 | Depths:4 | Killed a caustic shrike
 55257 | Depths:4 | Killed a caustic shrike
 56017 | Vaults:5 | Entered Level 5 of the Vaults
 56061 | Vaults:5 | Noticed a dread lich
 56064 | Vaults:5 | Noticed Sojobo
 56065 | Vaults:5 | Noticed Mennas
 56070 | Vaults:5 | Killed a dread lich
 56071 | Vaults:5 | Reached skill level 5 in Spellcasting
 56075 | Vaults:5 | Killed Sojobo
 56081 | Vaults:5 | Killed Mennas
 56149 | Vaults:5 | Identified the +2 halberd "Pacoito" {venom, ^Drain Str+3
                  | Int+2 Stlth+}
 56423 | Vaults:5 | Noticed an ancient lich
 56439 | Vaults:5 | Killed an ancient lich
 56455 | Vaults:5 | Your ally Urtork died
 56471 | Vaults:5 | Was placed under penance by Beogh
 56482 | Vaults:5 | Mangled by a golden dragon

Illustrated notes

Levels and vault maps discovered:
D:1:      scummos_arrival_forest, layout_loops_ring
D:2:      layout_basic, basic_ecumenical_altar
D:3:      cheibrodos_greedy_goblins, layout_basic,
          amethyst_overflow_temple_binary
D:4:      kennysheep_big_flooded_room, layout_layer_cave, minivault_11
D:5:      layout_loops_cross, temple_pool_b, serial_co_window_serial,
          co_window_paths_b, co_window_corner_a, co_window_paths_b,
          co_window_corner_a, co_window_paths_b, co_window_paths_c,
          co_window_cross_2, co_window_corner_ca, co_window_2corner,
          glass_columns_a, mainiacjoe_sewer_entry_somewhere_in_here_2,
          lemuel_flame_loot_1, uniq_crazy_yiuf_cottage
D:6:      layout_gridville, okawaru_ov_weapons_minmay
D:7:      layout_basic, serial_library, serial_library_hellmonk_open_cross,
          serial_library_hellmonk_junction, serial_library_hellmonk_junction,
          serial_library_regret_index_multi,
          serial_library_regret_index_split_case, serial_shops,
          nicolae_shop_crystal
D:8:      layout_basic, kennysheep_orc_sif_temple, uniq_maurice
D:9:      layout_cave_pools, hellmonk_ghost_big_iron
D:10:     layout_irregular_city, lair_entry_dummy, nzn_life_drinkers
D:11:     layout_basic, serial_shops, nicolae_shop_waterfront,
          chequers_serial_rivers_micro_d, minmay_misc_feat_columns
D:12:     layout_gridville, david_orc_3, serial_shops,
          nicolae_shop_just_a_little_nook
D:13:     layout_stronghold, serial_shops, nicolae_stop_n_shop_1,
          chequers_serial_rivers_micro_a, minmay_misc_feat_x, minivault_14,
          uniq_sonja
D:14:     layout_irregular_city, hellmonk_vaults_keyhole,
          nicolae_elyvilon_temple_path, nicolae_shop_vocational, uniq_azrael,
          uniq_louise
D:15:     grunt_enter_depths_magical_seal, layout_basic,
          hellmonk_ghost_happy_afterlife, uniq_nessos
Lair:1:   layout_gridlike, cheibrodos_lair_lostbears, lemuel_fruit_fields
Lair:2:   layout_loops_ring, palyth_hydra_swamp_entry, minmay_shattered_shrine,
          lemuel_fruit_tree, serial_bayou_shore_a, lemuel_fruit_fields
Lair:3:   dreamdust_cave_troll, layout_loops_ring,
          nicolae_spider_entry_tight_spaces, chequers_serial_rivers_large_b,
          mumra_transporter_accident
Lair:4:   cheibrodos_lair_overgrown_chateau, layout_cave_pods, basic_altar
Lair:5:   minmay_lair_end_frog_pond, layout_regular_city, slime_entry_1,
          gauntlet_entry_generic, enter_volcano_4
Swamp:1:  layout_basic_swamp, nicolae_swamp_some_circles
Swamp:2:  gammafunk_sealed_arena, layout_basic_swamp,
          ebering_ghost_disaster_area, evilmike_swamp_ruin_rubble_1
Swamp:3:  layout_falls_marsh, portal_ice_cave_entry_ugly_swarm,
          evilmike_swamp_ruin_house_6, infiniplex_staircase_pool
Swamp:4:  swamp_old_school, layout_basic_swamp, nicolae_swamp_tree_designs,
          swamp_pool_1_2
Spider:1: layout_spider_delve, uniq_aizul
Spider:2: layout_spider_delve, hangedman_spider_tarantella_strand
Spider:3: nicolae_spider_hilbert_zone_5 [nicolae_spider_hilbert_3_sides_1_open,
          nicolae_spider_hilbert_4_sides_1_open,
          nicolae_spider_hilbert_4_sides_1_open,
          nicolae_spider_hilbert_6_sides_1_open,
          nicolae_spider_hilbert_6_sides_1_open], uniq_mlioglotl, uniq_arachne
Spider:4: floodkiller_spider_rune_tomb, nicolae_spider_world_wide_web
Orc:1:    layout_diamond_mine, nicolae_orc_stony_grotto,
          monkooky_shop_alliterative, uniq_erolcha
Orc:2:    st_orc_rangers, layout_caves, nicolae_orc_minecarts
Elf:1:    layout_gridlike, serial_shops, shop, nicolae_elf_crossing_hall,
          orc_legates, lemuel_upstairs_altar, uniq_jorgrun
Elf:2:    nicolae_elf_blades_splatter_lattice [nicolae_blade_bullseye],
          layout_rooms, serial_shops, nicolae_shop_trees
Elf:3:    grunt_elf_hall_spiral, layout_geoelf_grid, serial_shops,
          bzr_entry_road
Vaults:1: ebering_ghost_inner_flame, vaults_mumra_lcd,
          nicolae_vaults_mini_display_case, nicolae_vaults_network_star,
          hangedman_vaults_stream, nicolae_vaults_octagons,
          hangedman_vaults_snaps, nicolae_vaults_network_square,
          nicolae_vaults_windows_and_doors_thing, nicolae_vaults_trapezoid_1,
          nicolae_vaults_ring_of_whatevers, nicolae_vaults_trapezoid_4,
          layout_vaults_maze_bifur, serial_shops, shop, uniq_saint_roka,
          uniq_asterion
Vaults:2: hangedman_vaults_maws, grunt_vaults_trifunnel,
          minmay_crypt_entry_nasty_monster,
          nicolae_vaults_shipping_containers_5, hangedman_vaults_impose,
          nicolae_vaults_three_branches, nicolae_vaults_rhombus_5,
          nicolae_vaults_double_plus_3, v_misc_16,
          ontoclasm_vaults_loading_screen, nicolae_vaults_diagonal_hallway_7,
          nicolae_vaults_border_crossing, nicolae_vaults_heart-shaped_vault,
          layout_vaults_ring
Vaults:3: hangedman_vaults_stitches, nicolae_vaults_fighting_squares,
          nicolae_vaults_sightless_eye, ontoclasm_vaults_misaligned,
          nicolae_vaults_more_shelving_2, nicolae_vaults_closet_pinwheel_4,
          nicolae_vaults_weapon_check, nicolae_vaults_theta,
          vaults_room_door_hall, nicolae_vaults_trapezoid_3,
          layout_vaults_big_room, uniq_nikola
Vaults:4: ebering_ghost_xom, lightli_orcish_oven, nicolae_vaults_trapezoid_4,
          grunt_vaults_funnel, nicolae_vaults_diamond_2, vaults_dpeg_ring,
          layout_vaults_quadrants, serial_shops, nicolae_shop_drivethru,
          uniq_frederick
Vaults:5: uniq_mennas, uniq_sojobo
Depths:1: layout_gridlike, hell_entry, nemelex_lonely_heart_becter,
          serial_glass, glass_columns_c, glass_columns_b, minivault_16,
          guppyfry_shop_venom, minmay_shop_grove, uniq_mara, uniq_norris
Depths:2: kennysheep_ambush_hall, layout_honeycomb, rand_demon_pan_entry_3,
          hellmouth_3, serial_rivers, chequers_serial_rivers_room_b,
          chequers_serial_rivers_small_b, chequers_serial_rivers_micro_e,
          chequers_serial_rivers_small_b, chequers_serial_rivers_micro_c,
          dk_noncrumbling_3, uniq_bai_suzhen
Depths:3: minmay_shrinking_squares, layout_gridlike, enter_ziggurat_b,
          abyss_entry_flame_altar, pf_hell_entry_tar_river, uniq_jory
Depths:4: grunt_zot_entry_pinwheel, layout_basic, nicolae_hexahallways,
          abyss_entry_glasseish, pan_entry, pf_vacation_house_of_asmodeus

Skill      XL: |  1  2  3  4  5  6  7  8  9 10 11 12 13 14 15 16 17 18 19 20 21 22 23 24 |
---------------+-------------------------------------------------------------------------+-----
Ranged Weapons | 2 3 4 5 6 8 10 12 15 18 | 18.0
Hexes          | 3 4 5 6 |  6.0
Stealth        | 2 3 4 |  4.0
Fire Magic     | 2 4 5 |  5.0
Dodging        | 3 5 7 10 12 13 14 15 | 15.4
Fighting       | 3 5 7 10 12 13 14 15 16 17 18 | 18.0
Alchemy        | 6 8 9 |  9.0
Evocations     | 5 7 8 11 14 19 20 | 20.0
Invocations    | 4 5 6 8 10 13 15 | 15.3
Spellcasting   | 2 3 4 6 |  6.0
Short Blades   | 2 9 10 | 10.0
Armour         | 6 7 10 11 | 11.0
Translocations | 4 8 9 |  9.0
Necromancy     | 3 11 14 | 14.0
Earth Magic    | 3 6 8 |  8.0

Action                     |  1- 3 |  4- 6 |  7- 9 | 10-12 | 13-15 | 16-18 | 19-21 | 22-24 || total
---------------------------+-------+-------+-------+-------+-------+-------+-------+-------++-------
  Melee: Sling             |       |       |       |     2 |       |       |       |       ||     2
         Short sword       |       |       |       |       |   219 |       |       |       ||   219
         Rapier            |       |       |       |       |   226 |       |       |       ||   226
         Hand cannon       |       |       |       |       |       |       |     2 |       ||     2
   Fire: Sling             |    90 |   242 |   526 |  1254 |   590 |       |       |       ||  2702
         Hand cannon       |       |       |       |       |   343 |  1450 |  1388 |  1414 ||  4595
  Throw: Dart              |       |       |     1 |     5 |     4 |     5 |     2 |       ||    17
         Throwing net      |       |       |       |       |     1 |       |       |     1 ||     2
   Cast: Jinxbite          |     1 |    11 |    28 |    60 |    16 |       |       |       ||   116
         Sticky Flame      |       |       |       |    11 |    14 |     3 |       |       ||    28
         Inner Flame       |       |       |       |     1 |       |       |       |       ||     1
         Olgreb's Toxic Ra |       |       |       |     2 |    12 |       |       |       ||    14
         Dimensional Bulls |       |       |       |       |       |       |     1 |       ||     1
         Death Channel     |       |       |       |       |       |       |       |     4 ||     4
         Borgnjor's Vile C |       |       |       |       |       |       |       |     1 ||     1
 Invoke: Convert to Beogh  |       |     1 |       |       |       |       |       |       ||     1
         Recall Apostles   |       |       |       |     7 |    11 |    10 |     9 |     8 ||    45
         Recruit Apostle   |       |       |       |     1 |     2 |     2 |     2 |     1 ||     8
         Smiting           |       |       |       |       |     8 |     8 |    21 |    20 ||    57
         Blood for Blood   |       |       |       |       |       |     2 |     2 |     1 ||     5
         Dismiss Apostle   |       |       |       |       |       |     2 |     2 |     1 ||     5
  Evoke: Wand              |       |       |       |     7 |     3 |     3 |     1 |     3 ||    17
         Sack of spiders   |       |       |       |     1 |     1 |     2 |     2 |     1 ||     7
         Lightning rod     |       |       |       |       |     3 |     4 |       |       ||     7
         Tin of tremorston |       |       |       |       |       |     4 |     4 |     4 ||    12
         Phantom mirror    |       |       |       |       |       |     3 |     2 |     2 ||     7
    Use: Scroll            |       |     8 |     6 |     4 |    19 |     5 |    11 |     6 ||    59
         Potion            |       |       |       |     5 |     4 |     3 |     2 |     6 ||    20
   Stab: Sleeping          |       |       |       |       |     4 |       |       |       ||     4
         Distracted        |       |       |       |       |    11 |       |       |       ||    11
         Held in net/web   |       |       |       |       |     2 |       |       |       ||     2
 Armour: Robe              |    16 |    23 |     4 |       |       |       |       |       ||    43
         Leather armour    |       |       |    62 |   265 |   454 |   342 |   296 |   267 ||  1686
  Dodge: Dodged            |    27 |    24 |    51 |   258 |   592 |   441 |   436 |   301 ||  2130

Table legend: (Time is in decaauts)
 A = Elapsed time spent in this place.
 B = Non-inter-level travel time spent in this place.
 C = Inter-level travel time spent in this place.
 D = Time resting spent in this place.
 E = Time spent auto-exploring this place.
 F = Levels seen in this place.
 G = Mean time per level.
                   A        B        C        D        E       F      G
               +--------+--------+--------+--------+--------+-----+--------+
         Total |  56643 |  50562 |   6081 |  10003 |  31831 |  44 | 1287.3 |
       Dungeon |  19019 |  16432 |   2587 |   1776 |  12517 |  15 | 1267.9 |
          Lair |  10726 |   9581 |   1145 |   3553 |   4426 |   5 | 2145.2 |
         Swamp |   4063 |   3832 |    231 |    786 |   2323 |   4 | 1015.8 |
   Spider Nest |   4795 |   4249 |    546 |    954 |   2506 |   4 | 1198.8 |
  Orcish Mines |   1774 |   1394 |    380 |    276 |    759 |   2 |  887.0 |
   Elven Halls |   4843 |   4461 |    382 |   1357 |   2255 |   3 | 1614.3 |
        Vaults |   4950 |   4569 |    381 |    332 |   3192 |   5 |  990.0 |
        Depths |   5194 |   4768 |    426 |    726 |   3128 |   4 | 1298.5 |
        Bazaar |    303 |    303 |      0 |      0 |    223 |   1 |  303.0 |
      Ice Cave |    970 |    970 |      0 |    243 |    501 |   1 |  970.0 |
               +--------+--------+--------+--------+--------+-----+--------+

Top non-repeatable levels by time:
  Lair:2: 3539 daAuts
  Lair:4: 2225 daAuts
Spider:3: 1951 daAuts
    D:11: 1935 daAuts
    D:13: 1935 daAuts
     D:8: 1882 daAuts
  Lair:5: 1715 daAuts
  Lair:3: 1704 daAuts
   Elf:1: 1686 daAuts
   Elf:3: 1616 daAuts
Depths:4: 1550 daAuts
  Lair:1: 1542 daAuts
   Elf:2: 1540 daAuts
Vaults:1: 1391 daAuts
     D:4: 1388 daAuts
